 Dungeon Crawl Stone Soup version 0.23.0-3-gf3c87f2df8 (webtiles) character file.

Game seed: 9059452138185812000

57 PikkenKukken the Digger (level 4, 0/30 HPs)
             Began as a Formicid Earth Elementalist on Feb 23, 2019.
             Succumbed to an adder's poison
             ... on level 2 of the Dungeon.
             The game lasted 00:05:57 (1704 turns).

PikkenKukken the Digger (FoEE)                      Turns: 1704, Time: 00:05:58

Health: 0/30       AC:  2    Str: 12    XL:     4   Next: 18%
Magic:  1/7        EV: 13    Int: 16    God:
Gold:   92         SH:  0    Dex: 11    Spells: 3/7 levels left

rFire    . . .     SeeInvis +   g - +0 whip
rCold    . . .     Gourm    .   (no shield)
rNeg     . . .     Faith    .   c - +0 robe
rPois    .         Spirit   .   (helmet unavailable)
rElec    .         Reflect  .   e - scarf {repulsion}
rCorr    .         Harm     .   (no gloves)
MR       .....                  (no boots)
Stlth    ++........             (no amulet)
HPRegen  0.10/turn              (no ring)
MPRegen  0.10/turn              (no ring)

@: lethally poisoned (0 -> -5), repel missiles
A: permanent stasis, dig shafts and tunnels, four strong arms, antennae 3
a: Dig, Shaft Self


You were on level 2 of the Dungeon.
You were not hungry.

You visited 1 branch of the dungeon, and saw 2 of its levels.

You collected 92 gold pieces.

Inventory:

Hand Weapons
 g - a +0 whip (weapon)
Missiles
 b - 104 stones (quivered)
Armour
 c - a +0 robe (worn)
 e - a scarf of repulsion (worn)
Jewellery
 h - a +4 ring of evasion {unknown}
Potions
 a - a potion of heal wounds
Comestibles
 d - 3 rations
 f - a chunk of flesh


   Skills:
 + Level 2.8 Dodging
 - Level 2.4 Stealth
 - Level 2.1 Spellcasting
 + Level 0.7 Conjurations
   Level 1.1 Transmutations
 + Level 4.6 Earth Magic


You had 3 spell levels left.
You knew the following spells:

 Your Spells              Type           Power        Failure   Level  Hunger
a - Sandblast             Erth           ###...       3%          1    #......
b - Stone Arrow           Conj/Erth      ##....       21%         3    ###....

Your spell library contained the following spells:

 Spells                   Type           Power        Failure   Level  Hunger
 Passwall                 Tmut/Erth      ##......     10%         2    ###....
 Petrify                  Tmut/Erth      ##......     52%         4    #####..
 Lee's Rapid Deconstruct  Erth           ###.......   63%         5    ######.


Dungeon Overview and Level Annotations

Branches:
Dungeon (2/15)

Altars:
Dithmenos
Elyvilon
Hepliaklqana
Nemelex Xobeh
Ru


Innate Abilities, Weirdness & Mutations

You cannot be hasted, slowed, berserked, paralysed or teleported.
You can dig through walls and to a lower floor.
Your four strong arms can wield two-handed weapons with a shield.
You have a pair of large antennae on your head. (SInv)


Message History

Aiming: Sandblast (safe; 3% risk of failure)
Press: ? - help, Shift-Dir - straight line, f/p - orc
Aim: an orc, wielding a +0 club and wearing a +0 chain mail (purple smoke)
The blast of sand hits the orc but does no damage.
b - 105 stones You feel sick.
The orc misses you.
Casting: Sandblast (safe; 3% risk of failure)
Confirm with . or Enter, or press ? or * to list all spells.
Aiming: Sandblast (safe; 3% risk of failure)
Press: ? - help, Shift-Dir - straight line, f/p - orc
Aim: an orc, wielding a +0 club and wearing a +0 chain mail (purple smoke)
The blast of sand hits the orc but does no damage.
b - 104 stones The orc barely misses you.
You hit the orc but do no damage.
You feel sick. The orc closely misses you.
You hit the orc but do no damage. The orc hits you with a +0 club.
* * * LOW HITPOINT WARNING * * *
You hit the orc.
The orc is moderately wounded.
You die...

##.## #....#....##.
##...##+....+.......
##.....##....#.......
###.......#........####
....._.....###....#
#.......# #..).#### #.
#.....##+###........ # #.
###o†.##............. #. #.
#.##@##........##.... #'###.
##.#§§#........# ....
......#### #.#§§#.....)..#
....
.........#####.#§§#........#
....
...............#§§#.)......#
..
..........#.#..#§§#........#
.....#......#..#..#........#
.... #.........#..#........#
### #............#(#'######


You could see an orc.

Vanquished Creatures
  An adder (D:2)
  A worm (D:2)
  A leopard gecko (D:1)
  3 giant cockroaches
  5 goblins
  3 hobgoblins
  9 jackals (D:1)
  A ball python (D:2)
  5 bats
  5 frilled lizards
  5 kobolds (D:1)
  2 rats (D:1)
41 creatures vanquished.

Notes
Turn   | Place    | Note
-------+----------+-------------------------------------------
     0 | D:1      | PikkenKukken the Formicid Earth Elementalist began the
                  | quest for the Orb.
     0 | D:1      | Reached XP level 1. HP: 13/13 MP: 3/3
   266 | D:1      | Reached XP level 2. HP: 19/19 MP: 1/5
   267 | D:1      | Reached skill level 4 in Earth Magic
   622 | D:1      | Reached XP level 3. HP: 24/24 MP: 2/6
   894 | D:1      | Learned a level 3 spell: Stone Arrow
  1487 | D:2      | Found a white marble altar of Elyvilon.
  1488 | D:2      | Found a shadowy altar of Dithmenos.
  1488 | D:2      | Found a hazy altar of Hepliaklqana.
  1489 | D:2      | Found a sacrificial altar of Ru.
  1572 | D:2      | Reached XP level 4. HP: 30/30 MP: 0/7
  1686 | D:2      | Found a sparkling altar of Nemelex Xobeh.
  1703 | D:2      | HP: 1/30 [orc/+0 club (6)]
  1704 | D:2      | Succumbed to an adder's poison

Skill      XL: |  1  2 |
---------------+-------+-----
Dodging        | 2 |  2.8
Earth Magic    | 4 |  4.6
Stealth        | |  2.4
Spellcasting   | |  2.1
Conjurations   | |  0.7
Transmutations | |  1.1

Action                   |  1- 3 |  4- 6 || total
-------------------------+-------+-------++-------
Melee: Unarmed           |    26 |       ||    26
       Whip              |    59 |     4 ||    63
 Cast: Sandblast         |    31 |     8 ||    39
       Stone Arrow       |     3 |       ||     3
 Abil: Dig               |     4 |       ||     4
  Use: Scroll            |     4 |     2 ||     6
 Stab: Sleeping          |     1 |       ||     1
  Eat: Chunk             |     3 |     1 ||     4
Armor: Robe              |    22 |     1 ||    23
Dodge: Dodged            |    68 |     6 ||    74
